 Dungeon Sprint DCSS version 0.31-a0-841-g038b102fc3 (webtiles) character file.

Game seed: 16611679088119208207

9592 sircluck the Brawler (level 11, -7/130 HPs)
             Began as a Troll Berserker on Sept 27, 2023.
             Was the Champion of Trog.
             Mangled by a demonic crawler (15 damage)
             ... in the Dungeon (Sprint I: "Red Sonja").
             The game lasted 00:06:14 (1855 turns).

sircluck the Brawler (Troll Berserker)              Turns: 1855, Time: 00:06:14

Health: -7/130     AC:  7    Str: 36    XL:     11   Next: 25%
Magic:  8/8        EV: 13    Int:  1    God:    Trog [******]
Gold:   576        SH:  0    Dex:  9    Spells: 10/10 levels left

rFire   . .          .
                       - Unarmed
rCold   . . .        (no shield)
rNeg    . . .        p - +2 robe "Nimum" {Rampage Str+5}
rPois   .            (helmet restricted)
rElec   .            i - +0 cloak
rCorr   .            (gloves unavailable)
SInv    .            (boots unavailable)
Will    .....        r - amulet of regeneration
Stlth   +            u - +4 ring of slaying
HPRegen 2.01/turn    (no ring)
MPRegen 0.11/turn

%: no teleportation, rampage
@: on berserk cooldown, slowed, very slow
A: large, unfitting armour, claws 3, regeneration 1, shaggy fur 1, tough skin 1,
dopey 1, low MP 1
a: Renounce Religion, Berserk, Trog's Hand, Brothers in Arms


You were in the Dungeon.
You worshipped Trog.
Trog was exalted by your worship.
You visited 1 branch You collected 2817 gold pieces.
You spent 2241 gold pieces at shops.

Inventory:

Armour
 a - a +0 animal skin
 i - a +0 cloak (worn)
 p - the +2 robe "Nimum" (worn) {Rampage Str+5}
   (You bought it in a shop in the Dungeon)

   Str+5:     It affects your strength (+5).
   Rampage:   It bestows one free step when moving towards enemies.
Jewellery
 r - an amulet of regeneration (around neck)
 u - a +4 ring of slaying (left claw)
Wands
 h - a wand of flame (15)
 m - a wand of mindburst (9)
 n - a wand of polymorph (8)
 s - a wand of iceblast (9)
Scrolls
 g - a scroll of blinking
 k - a scroll of vulnerability {unknown}
 l - 2 scrolls of identify {unknown}
 q - a scroll of revelation (quivered)
 t - 2 scrolls of enchant armour {unknown}
Potions
 b - 3 potions of curing
 c - a potion of heal wounds
 d - 2 potions of haste
 e - 2 potions of magic
 f - a potion of berserk rage
 j - a potion of might {unknown}
 o - a potion of brilliance {unknown}


   Skills:
 + Level 14.1 Fighting
 + Level 13.9 Dodging
 + Level 16.3 Unarmed Combat


You had 10 spell levels left.
You didn't know any spells.
Your spell library was empty.

Dungeon Overview and Level Annotations

Branches:
Dungeon (1/1)

Altars:
Cheibriados
Dithmenos
Elyvilon
Fedhas
Gozag
Hepliaklqana
Kikubaaqudgha
Makhleb
Nemelex Xobeh
Okawaru
Qazlal
Ru
Sif Muna
Trog
Uskayaw
Vehumet
Wu Jian
Xom
Yredelemnul
Zin
The Shining One
Jiyva
Lugonu

Shops:
D (?*?[=![[?=*([?*=[([[


Innate Abilities, Weirdness & Mutations

You are too large for most types of armour.
You have claws for hands.
Your natural rate of healing is unusually fast.
You are covered in fur. (AC +1)
You have tough skin. (AC +1)
You are dopey. (Int -2)
Your magical capacity is low. (-10% MP)


Message History

Your troll's corpse disappears in a puff of smoke!
You feel your anger nearly subside. The demonic crawler barely misses you.
The demonic crawler closely misses you. The demonic crawler barely misses you.
You claw the demonic crawler!
The demonic crawler is moderately wounded.
The demonic crawler hits you! The demonic crawler misses you.
The demonic crawler hits you. The demonic crawler hits you!
The demonic crawler barely misses you. The demonic crawler hits you!
You claw the demonic crawler!
The demonic crawler is moderately wounded.
You are no longer berserk.
You are exhausted.
You feel yourself slow down. The demonic crawler hits you!
The demonic crawler hits you but does no damage.
The demonic crawler hits you!
You scratch the demonic crawler but do no damage.
The demonic crawler is moderately wounded.
The demonic crawler hits you but does no damage.
The demonic crawler barely misses you. The demonic crawler closely misses you.
The demonic crawler hits you!
The demonic crawler hits you but does no damage.
The demonic crawler hits you! The demonic crawler misses you.
The demonic crawler hits you!
* * * LOW HITPOINT WARNING * * *
The demonic crawler misses you.
You are too injured to fight recklessly!
You are too injured to fight recklessly!
You are too injured to fight recklessly!
You are too injured to fight recklessly!
You are too injured to fight recklessly!
You closely miss the demonic crawler.
The demonic crawler is lightly wounded.
The demonic crawler hits you!
* * * LOW HITPOINT WARNING * * *
The demonic crawler hits you!
* * * LOW HITPOINT WARNING * * *
The demonic crawler completely misses you.
The demonic crawler hits you!
You die...

##################***************
.#..'..#__#..')..#,,*,,,,+,,,,,,+
.').#..'..'..#).@#*+*,****,,,,,**
'#####'#__####..sss.#,*,***,,,***
.#...#.####..#####..+,*+*,***+*,,
##..##[#§§§§§#§§#*+##**,,,*,*,**,
_##'#_.'§§~§§'§§#,,,,,*,,,***,,**
..'..._#~§§§§#§.#,,,,,+,,,,,**,*,
_##_.#'##'#####'###,,,*,,,,,*,,**
_###'#.#.)[.###.'.#,,,***++**,**,
####.####'###%###.#,,***,,***,,*+


You could see 3 demonic crawlers.

Vanquished Creatures
  2 centaur warriors (D)
  A demonic crawler (D)
  Sonja (D)
  A deep troll (D)
  An oklob plant (D)
  2 shining eyes (D)
  2 kobold demonologists (D)
  2 unseen horrors (D)
  A hornet (D)
  A slime creature (D)
  Sigmund (D)
  A yak (D)
  2 redbacks (D)
  5 floating eyes (D)
  An ogre (D)
  7 necrophages (D)
  8 jellies (D)
  Ijyb (D)
40 creatures vanquished.

Vanquished Creatures (collateral kills)
  6 shining eyes (D)
  A floating eye (D)
7 creatures vanquished.

Vanquished Creatures (others)
  2 ballistomycete spores (D)
2 creatures vanquished.

Grand Total: 49 creatures vanquished

Notes
Turn   | Place    | Note
-------+----------+-------------------------------------------
     0 | D        | sircluck the Troll Berserker began the quest for the Orb.
     0 | D        | Reached XP level 1. HP: 22/22 MP: 0/0
     2 | D        | Noticed Ijyb
    14 | D        | Killed Ijyb
    15 | D        | Reached skill level 4 in Unarmed Combat
    15 | D        | Reached XP level 2. HP: 18/32 MP: 1/1
    28 | D        | Noticed an ogre
    35 | D        | Killed an ogre
    36 | D        | Reached skill level 5 in Fighting
    36 | D        | Reached skill level 5 in Dodging
    36 | D        | Reached skill level 6 in Unarmed Combat
    36 | D        | Reached XP level 3. HP: 10/42 MP: 2/2
    36 | D        | Reached XP level 4. HP: 12/50 MP: 3/3
    82 | D        | Noticed Sigmund
    91 | D        | Killed Sigmund
    91 | D        | Reached ** piety under Trog
    92 | D        | Reached skill level 7 in Unarmed Combat
    92 | D        | Reached XP level 5. HP: 54/61 MP: 4/4
   112 | D        | Found an ornate altar of the Wu Jian Council.
   112 | D        | Found a shimmering blue altar of Sif Muna.
   114 | D        | Found a radiant altar of Vehumet.
   118 | D        | Reached skill level 8 in Unarmed Combat
   118 | D        | Reached XP level 6. HP: 58/68 MP: 5/5
   144 | D        | Found Ucrufil's Magic Scroll Emporium.
   144 | D        | Found an ancient bone altar of Kikubaaqudgha.
   144 | D        | Found a hazy altar of Hepliaklqana.
   144 | D        | Found a hide-covered altar of Uskayaw.
   144 | D        | Found a basalt altar of Yredelemnul.
   144 | D        | Found an opulent altar of Gozag.
   144 | D        | Found a snail-covered altar of Cheibriados.
   144 | D        | Found a sacrificial altar of Ru.
   144 | D        | Found a shadowy altar of Dithmenos.
   144 | D        | Noticed a yak
   145 | D        | Found a stormy altar of Qazlal.
   145 | D        | Found a blossoming altar of Fedhas.
   145 | D        | Found a bloodstained altar of Trog.
   145 | D        | Found an iron altar of Okawaru.
   145 | D        | Found a glowing golden altar of the Shining One.
   145 | D        | Found a glowing silver altar of Zin.
   145 | D        | Found a white marble altar of Elyvilon.
   150 | D        | Killed a yak
   151 | D        | Found a sparkling altar of Nemelex Xobeh.
   155 | D        | Bought a scroll of revelation for 105 gold pieces
   176 | D        | Found a burning altar of Makhleb.
   176 | D        | Found a viscous altar of Jiyva.
   176 | D        | Found a shimmering altar of Xom.
   176 | D        | Found a corrupted altar of Lugonu.
   176 | D        | Noticed a slime creature
   180 | D        | Killed a slime creature
   180 | D        | Reached *** piety under Trog
   181 | D        | Reached skill level 9 in Unarmed Combat
   181 | D        | Reached XP level 7. HP: 80/80 MP: 6/6
   219 | D        | Noticed a kobold demonologist
   219 | D        | Noticed a kobold demonologist
   220 | D        | Paralysed by a floating eye for 2 turns
   225 | D        | Killed a kobold demonologist
   226 | D        | Reached skill level 10 in Unarmed Combat
   235 | D        | Killed a kobold demonologist
   235 | D        | Reached **** piety under Trog
   236 | D        | Reached skill level 11 in Unarmed Combat
   236 | D        | Reached XP level 8. HP: 82/92 MP: 7/7
   267 | D        | Noticed a centaur warrior
   270 | D        | Noticed a centaur warrior
   270 | D        | Noticed a deep troll
   270 | D        | Noticed Sonja
   270 | D        | Noticed a shining eye
   270 | D        | Noticed an unseen horror
   270 | D        | Noticed an unseen horror
   270 | D        | Noticed a shining eye
   281 | D        | Killed a centaur warrior
   282 | D        | Reached skill level 10 in Fighting
   282 | D        | Reached skill level 10 in Dodging
   285 | D        | Killed a centaur warrior
   286 | D        | Reached skill level 12 in Unarmed Combat
   286 | D        | Reached XP level 9. HP: 53/102 MP: 8/8
   385 | D        | Killed a deep troll
   386 | D        | Reached skill level 13 in Unarmed Combat
   398 | D        | Found Igaacoil's Armour Emporium.
   442 | D        | Noticed an oklob plant
   449 | D        | HP: 5/105 [oklob plant/splash of acid (29)]
   450 | D        | Killed an oklob plant
   450 | D        | Reached ***** piety under Trog
   555 | D        | HP: 5/106 [poisoned by a redback]
   560 | D        | HP: 3/106 [poisoned by a redback]
   677 | D        | Received a gift from Trog
   678 | D        | Reached XP level 10. HP: 115/115 MP: 9/9
   755 | D        | Found the +8 arc blade {discharge, rElec}
   759 | D        | Reached skill level 14 in Unarmed Combat
   773 | D        | Received a gift from Trog
   775 | D        | Reached ****** piety under Trog
   796 | D        | Found Wanon's Armour Shoppe.
   796 | D        | Found Guaffuna's Distillery.
   796 | D        | Found Ovytsak's Armour Boutique.
   798 | D        | Found Bulloi Zehez's Magic Scroll Emporium.
   798 | D        | Found Wasoep's Jewellery Shop.
   798 | D        | Found Mays's General Store.
   798 | D        | Found Xaotz's Antique Weapon Boutique.
   798 | D        | Found Dohan's Armour Emporium.
   798 | D        | Found Zicvov's Magic Scroll Shop.
   798 | D        | Found Ylaggifuakh's Assorted Antiques.
   812 | D        | Bought the +2 robe "Nimum" {Rampage Str+5} for 394 gold
                  | pieces
   812 | D        | Found Hucheofi's Jewellery Boutique.
   813 | D        | Bought a scroll of acquirement for 572 gold pieces
   813 | D        | Found Halulec's Antique Weapon Emporium.
   813 | D        | Found Acemeluf's Antique Armour Boutique.
   814 | D        | Found Reres's Armour Emporium.
   820 | D        | Bought an amulet of regeneration for 300 gold pieces
   972 | D        | Killed Sonja
  1611 | D        | Found Efoiz's Antique Weapon Boutique.
  1620 | D        | Acquired 1064 gold pieces
  1638 | D        | Noticed a shining eye
  1638 | D        | Noticed a shining eye
  1638 | D        | Noticed a shining eye
  1641 | D        | Killed a shining eye
  1643 | D        | Reached skill level 15 in Unarmed Combat
  1645 | D        | Paralysed by a floating eye for 4 turns
  1646 | D        | Killed a shining eye
  1649 | D        | Received a gift from Trog
  1649 | D        | Killed a shining eye
  1652 | D        | Killed a shining eye
  1655 | D        | Noticed a shining eye
  1658 | D        | Gained mutation: You are dopey. (Int -2) [a shining eye]
  1660 | D        | Killed a shining eye
  1661 | D        | Reached XP level 11. HP: 127/127 MP: 10/10
  1662 | D        | Killed a shining eye
  1767 | D        | Noticed a shining eye
  1767 | D        | Noticed a shining eye
  1771 | D        | Paralysed by a floating eye for 4 turns
  1775 | D        | Gained mutation: Your magical capacity is low. (-10% MP) [a
                  | shining eye]
  1777 | D        | Killed a shining eye
  1780 | D        | Reached skill level 16 in Unarmed Combat
  1782 | D        | Killed a shining eye
  1787 | D        | Found Cuheizuw's Antique Armour Shop.
  1787 | D        | Found Kofrir's Magic Scroll Shoppe.
  1787 | D        | Found Taes's Jewellery Boutique.
  1787 | D        | Found Vogomel's Assorted Antiques.
  1794 | D        | Bought a scroll of revelation for 90 gold pieces
  1803 | D        | Bought a +4 ring of slaying for 780 gold pieces
  1843 | D        | Noticed a demonic crawler
  1843 | D        | Noticed a demonic crawler
  1843 | D        | Noticed a demonic crawler
  1843 | D        | Noticed a demonic crawler
  1847 | D        | Killed a demonic crawler
  1855 | D        | Mangled by a demonic crawler

Illustrated notes

Levels and vault maps discovered:
D:        dungeon_sprint_1 [red_sonja_temple_1, red_sonja_temple_small_1]

Skill      XL: |  1  2  3  4  5  6  7  8  9 10 11 |
---------------+----------------------------------+-----
Fighting       | 3 5 6 8 9 10 11 13 14 | 14.1
Dodging        | 3 5 6 7 9 10 11 13 | 13.9
Unarmed Combat | 4 6 7 8 9 11 12 13 15 16 | 16.3

Action                     |  1- 3 |  4- 6 |  7- 9 | 10-12 || total
---------------------------+-------+-------+-------+-------++-------
  Melee: Unarmed           |    15 |    18 |    47 |    65 ||   145
         Punch             |     1 |     1 |     2 |     4 ||     8
 Invoke: Berserk           |       |     1 |     2 |     2 ||     5
         Brothers in Arms  |       |       |       |     2 ||     2
  Evoke: Wand              |     2 |       |       |       ||     2
    Use: Scroll            |       |       |     1 |     1 ||     2
   Stab: Sleeping          |       |     1 |       |       ||     1
 Armour: Animal skin       |     8 |     6 |    50 |    25 ||    89
         Robe              |       |       |       |    83 ||    83
  Dodge: Dodged            |     6 |     4 |    18 |    46 ||    74

Table legend: (Time is in decaauts)
 A = Elapsed time spent in this place.
 B = Non-inter-level travel time spent in this place.
 C = Inter-level travel time spent in this place.
 D = Time resting spent in this place.
 E = Time spent auto-exploring this place.
 F = Levels seen in this place.
 G = Mean time per level.
                   A        B        C        D        E       F      G
               +--------+--------+--------+--------+--------+-----+--------+
         Total |   1865 |   1807 |     58 |   1057 |    171 |   1 | 1865.0 |
       Dungeon |   1865 |   1807 |     58 |   1057 |    171 |   1 | 1865.0 |
               +--------+--------+--------+--------+--------+-----+--------+

Top non-repeatable levels by time:
       D: 1865 daAuts
